 Dungeon Crawl Stone Soup version 0.31.0-11-ge490571c62 (webtiles) character file.

Game seed: 10933004641687389513

39 mopl the Trooper (level 3, -1/30 HPs)
             Began as a Merfolk Fighter on Jan 31, 2024.
             Slain by a kobold
             ... wielding a +0 short sword
              (2 damage)
             ... on level 2 of the Dungeon.
             The game lasted 00:01:26 (1501 turns).

mopl the Trooper (Merfolk Fighter)                  Turns: 1501, Time: 00:01:27

Health: -1/30      AC:  6    Str: 18    XL:     3   Next: 47%
Magic:  3/3        EV:  9    Int:  7    God:
Gold:   74         SH:  4    Dex: 13    Spells: 2/2 levels left

rFire   . . .        a - +2 long sword (holy)
rCold   . . .        c - +0 buckler
rNeg    . . .        b - +0 scale mail
rPois   .            (no helmet)
rElec   .            (no cloak)
rCorr   .            (no gloves)
SInv    .            (no boots)
Will    .....        m - amulet of the acrobat Stlth
                     (no ring)
HPRegen 0.25/turn    (no ring)
MPRegen 0.08/turn

%: acrobat
@: no status effects
A: (nimble swimmer 2), mertail
a: no special abilities


You were on level 2 of the Dungeon.
You visited 1 branch of the dungeon, and saw 3 of its levels.

You collected 74 gold pieces.

Inventory:

Hand Weapons
 a - a +2 long sword of holy wrath (weapon)
Armour
 b - a +0 scale mail (worn)
 c - a +0 buckler (worn)
Jewellery
 m - an amulet of the acrobat (around neck)
Scrolls
 e - a scroll of blinking {unknown}
 g - 3 scrolls of identify {unknown}
 j - 2 scrolls of revelation {unknown}
 n - 3 scrolls of teleportation {unknown}
Potions
 d - a potion of might
 f - a potion of curing {unknown}
 h - a potion of enlightenment {unknown}
 i - a potion of berserk rage {unknown}
 k - 2 potions of haste {unknown}
 l - a potion of mutation {unknown}
 o - a potion of ambrosia {unknown}


   Skills:
 + Level 3.7 Fighting
 * Level 3.4 Long Blades
 + Level 2.4 Armour
 + Level 1.5 Dodging
 - Level 3.0 Shields


You had 2 spell levels left.
You didn't know any spells.
Your spell library was empty.

Dungeon Overview and Level Annotations

Branches:
Dungeon (3/15)

Altars:

Annotations:
D:2 Ijyb


Innate Abilities, Weirdness & Mutations

((You are very nimble when in or above water. (Stealth+, EV+, Speed+++)))
Your lower body shifts to a powerful aquatic tail in water.


Message History

You climb upwards.
There is a stone staircase leading down here.
You start resting.
HP restored.
You climb downwards.
Level annotation: Ijyb The goblin shouts!
The kobold barely misses you.
There is a stone staircase leading up here.
Ijyb hits you with a +0 dagger.
The kobold hits you with a +0 short sword.
The goblin hits you but does no damage.
You climb upwards.
There is a stone staircase leading down here.
You block the kobold's attack.
The kobold hits you with a +0 short sword.
You hit Ijyb.
Ijyb is moderately wounded.
The kobold hits you but does no damage. Ijyb hits you but does no damage.
You closely miss Ijyb.
Ijyb is moderately wounded.
The kobold hits you with a +0 short sword.
Ijyb completely misses you. The kobold closely misses you.
Ijyb hits you but does no damage.
You barely miss Ijyb.
Ijyb is moderately wounded.
The kobold hits you but does no damage. Ijyb hits you with a +0 dagger.
You hit Ijyb but do no damage.
Ijyb is moderately wounded.
You block the kobold's attack. Ijyb hits you but does no damage.
You closely miss Ijyb.
Ijyb is moderately wounded.
The kobold hits you but does no damage.
Ijyb zaps a wand.
The bolt of dispelling energy hits you!
Ouch! That really hurt!
* * * LOW HITPOINT WARNING * * *
You hit Ijyb but do no damage.
Ijyb is moderately wounded.
The kobold hits you with a +0 short sword.
You die...

......%..(.## #.........#
.)####......# #.#######.#
.......#.#..# #.# #.#
..####......# ##.## #.#
....##†#.#..####<..## #.#
.................#..#####.#
..####.#.#..####.(........#
..####......# ###K#######.#
.........#..# #.@gg.......#
.#######.#..#
#.###.#####.#######
............# #.#
#..............
########.##.# #.#
#######.#######
#.##.###.##### #.# #
#.##.##......# #.# #
##.##.##..###.# #)# #
#.....##..# #.# #.# #
#.........# #.# #.# #


You could see Ijyb, a goblin and a kobold.

Vanquished Creatures
  2 dart slugs (D:1)
  5 ball pythons
  3 endoplasms (D:1)
  4 giant cockroaches
  3 goblins
  3 hobgoblins
  A quokka (D:1)
  A bat (D:1)
  5 kobolds
  7 rats
34 creatures vanquished.

Notes
Turn   | Place    | Note
-------+----------+-------------------------------------------
     0 | D:1      | mopl the Merfolk Fighter began the quest for the Orb.
     0 | D:1      | Reached XP level 1. HP: 18/18 MP: 1/1
   111 | D:1      | Reached XP level 2. HP: 23/24 MP: 2/2
   323 | D:1      | Reached skill level 1 in Dodging
   610 | D:1      | Reached XP level 3. HP: 28/29 MP: 3/3
  1407 | D:3      | Noticed Ijyb
  1500 | D:2      | HP: 1/30 [Ijyb/bolt of dispelling energy (15)]
  1501 | D:2      | Slain by a kobold

Illustrated notes

Levels and vault maps discovered:
D:1:      reono_arrival_forest_river, layout_basic
D:2:      layout_loops_ring
D:3:      layout_loops_ring, uniq_ijyb

Skill      XL: |  1  2 |
---------------+-------+-----
Long Blades    | 3 |  3.4
Dodging        | 1 |  1.5
Fighting       | |  3.7
Armour         | |  2.4
Shields        | |  3.0

Action                     || total
---------------------------++-------
  Melee: Long sword        ||   101
 Armour: Scale mail        ||    58
  Dodge: Dodged            ||    40
  Block: Buckler           ||    24
